 Seeded DCSS version 0.29.1-15-g9cfb28693d (webtiles) character file.

Game seed: 9807948964800535893 (custom seed)

2602 bmack86 the Cleaver (level 9, -4/79 HPs)
             Began as a Minotaur Fighter on Mar 1, 2023.
             Slain by a two-headed ogre
             ... wielding a +0 giant club
              (18 damage)
             ... on level 7 of the Dungeon.
             The game lasted 00:12:35 (6252 turns).

bmack86 the Cleaver (Minotaur Fighter)              Turns: 6252, Time: 00:12:36

Health: -4/79      AC: 18    Str: 26    XL:     9   Next: 33%
Magic:  8/8        EV: 12    Int:  5    God:
Gold:   300        SH: 10    Dex:  9    Spells: 8/8 levels left

rFire   . . .      SeeInvis +   d - +3 war axe
rCold   . . .      Faith    .   c - +0 buckler
rNeg    . . .      Spirit   .   e - +3 chain mail {Will+}
rPois   .          Reflect  +   (helmet restricted)
rElec   .          Harm     .   C - +0 cloak
rCorr   .          Rampage  .   h - +2 pair of gloves
Will    +....                   (no boots)
Stlth   ..........              u - amulet of reflection
HPRegen 0.23/turn               r - ring of see invisible
MPRegen 0.11/turn               w - +4 ring of evasion

@: no status effects
A: horns 2, retaliatory headbutt
a: no special abilities


You were on level 7 of the Dungeon.
You visited 2 branches of the dungeon, and saw 8 of its levels.

You collected 300 gold pieces.

Inventory:

Hand Weapons
 a - a +0 war axe
 d - a +3 war axe (weapon)
Missiles
 f - 10 poisoned darts
 q - 2 boomerangs (quivered)
Armour
 b - a +0 scale mail
 c - a +0 buckler (worn)
 e - a +3 chain mail of willpower (worn)
 h - a +2 pair of gloves (worn)
 s - a +0 plate armour
 C - a +0 cloak (worn)
Jewellery
 m - an amulet of magic regeneration
 r - a ring of see invisible (left hand)
 u - an amulet of reflection (around neck)
 v - an amulet of guardian spirit
 w - a +4 ring of evasion (right hand)
 y - a +4 ring of evasion
Wands
 p - a wand of paralysis (12)
Scrolls
 n - a scroll of enchant armour
 A - a scroll of amnesia
Potions
 g - a potion of berserk rage {unknown}
 i - 2 potions of attraction
 j - 5 potions of curing
 k - 3 potions of ambrosia
 l - 3 potions of degeneration {unknown}
 o - a potion of brilliance
 t - 2 potions of flight {unknown}
 x - a potion of magic {unknown}
 z - a potion of haste {unknown}
 B - a potion of heal wounds {unknown}


   Skills:
 + Level 7.3 Fighting
 * Level 8.7 Axes
 + Level 5.2 Throwing
 + Level 7.3 Armour
 + Level 7.3 Shields


You had 8 spell levels left.
You didn't know any spells.
Your spell library was empty.

Dungeon Overview and Level Annotations

Branches:
Dungeon (7/15)             Temple (1/1) D:4

Altars:
Cheibriados
Fedhas
Hepliaklqana
Kikubaaqudgha
Makhleb
Nemelex Xobeh
Qazlal
Ru
Trog
Uskayaw
Vehumet
Wu Jian
Zin
The Shining One


Innate Abilities, Weirdness & Mutations

You have a pair of horns on your head.
You reflexively headbutt those who attack you in melee.


Message History

The lemure hits you. The lemure closely misses you.
You block the lemure's attack. Pikel closely misses you.
The lemure hits you but does no damage.
You slash Pikel!
You kill Pikel!
You hit the lemure.
You kill the lemure!
That felt strangely unrewarding.
You hit the lemure. You closely miss the lemure. You slash the lemure!
You kill the lemure!
That felt strangely unrewarding.
With Pikel's spell broken, his former minions thank you for their freedom.
The lemure departs this earthly plane. x2
Your Throwing skill increases to level 5!
You hit the two-headed ogre.
The two-headed ogre is lightly wounded.
The two-headed ogre closely misses you.
The two-headed ogre hits you with a +0 dire flail!
* * * LOW HITPOINT WARNING * * *
You barely miss the two-headed ogre. You headbutt the two-headed ogre.
The two-headed ogre is lightly wounded.
You block the two-headed ogre's attack. x2
You barely miss the two-headed ogre.
The two-headed ogre is lightly wounded.
The two-headed ogre misses you.
The two-headed ogre hits you with a +0 dire flail!
* * * LOW HITPOINT WARNING * * *
You closely miss the two-headed ogre.
The two-headed ogre is lightly wounded.
You hit the two-headed ogre.
The two-headed ogre is moderately wounded.
You block the two-headed ogre's attack. x2
You hit the two-headed ogre. You headbutt the two-headed ogre!
The two-headed ogre is heavily wounded.
The two-headed ogre completely misses you.
You block the two-headed ogre's attack.
You completely miss the two-headed ogre.
The two-headed ogre is heavily wounded.
The two-headed ogre hits you with a +0 giant club!!
You die...

.........####...##..........##...
....#..###.. .#...#.#.#...#..#.
#.?. ..............#..##
......###............##. .....
.#................
......#...#....#.....#..
......#..##.#.###..###..
..........###.##...####.
......O@.###.......#....
#...............##.#....
.....#.....#<#####...##. #.##
#...........#.#.##. #
#.#.#.#####.#..[... #.#.#.#
#.#...... ###.#.......#...##.
..#...#####..###.
###....#.......#?


You could see a two-headed ogre.

Vanquished Creatures
  Pikel (D:7)
  A steam dragon (D:7)
  Eustachio (D:5)
  Menkaure (D:7)
  An ice beast (D:5)
  A sky beast (D:6)
  A centaur (D:5)
  2 lemures (D:7)
  A phantom (D:4)
  Blork the orc (D:4)
  2 bullfrogs (D:7)
  A scorpion (D:4)
  13 wights
  A howler monkey (D:6)
  A jelly (D:5)
  2 hounds
  Crazy Yiuf (D:7)
  3 iguanas
  2 orc wizards (D:5)
  4 gnolls (D:5)
  7 adders
  4 worms
  8 dart slugs
  14 orcs
  9 ball pythons
  12 endoplasms
  2 giant cockroaches (D:2)
  5 goblins
  8 hobgoblins
  5 jackals
  A quokka (D:4)
  8 bats
  6 frilled lizards
  6 kobolds
  3 rats
139 creatures vanquished.

Vanquished Creatures (others)
  A frilled lizard (D:1)
1 creature vanquished.

Grand Total: 140 creatures vanquished

Notes
Turn   | Place    | Note
-------+----------+-------------------------------------------
     0 | D:1      | bmack86 the Minotaur Fighter began the quest for the Orb.
     0 | D:1      | Reached XP level 1. HP: 19/19 MP: 0/0
   383 | D:1      | Reached XP level 2. HP: 24/27 MP: 1/1
  1064 | D:1      | Reached XP level 3. HP: 33/33 MP: 2/2
  1136 | D:1      | Reached skill level 3 in Axes
  1546 | D:2      | Reached skill level 1 in Throwing
  2162 | D:2      | Reached XP level 4. HP: 40/40 MP: 3/3
  2515 | D:3      | Found a snail-covered altar of Cheibriados.
  2669 | D:3      | Found a faded altar of an unknown god.
  2832 | D:4      | Reached XP level 5. HP: 47/47 MP: 4/4
  2887 | D:4      | Found a staircase to the Ecumenical Temple.
  2907 | Temple   | Entered the Ecumenical Temple
  3053 | D:4      | Noticed Blork the orc
  3061 | D:4      | Killed Blork the orc
  3062 | D:4      | Reached skill level 4 in Axes
  3062 | D:4      | Reached XP level 6. HP: 32/55 MP: 5/5
  3188 | D:4      | Found a stormy altar of Qazlal.
  3208 | D:4      | Reached skill level 5 in Fighting
  3208 | D:4      | Reached skill level 5 in Armour
  3214 | D:4      | Reached skill level 5 in Shields
  3478 | D:4      | Found an ancient bone altar of Kikubaaqudgha.
  3594 | D:4      | Reached XP level 7. HP: 58/61 MP: 6/6
  3752 | D:5      | Entered Level 5 of the Dungeon
  3781 | D:5      | Reached skill level 5 in Axes
  4032 | D:5      | Noticed Eustachio
  4057 | D:5      | Killed Eustachio
  4058 | D:5      | Reached skill level 6 in Axes
  4402 | D:5      | Reached XP level 8. HP: 66/70 MP: 7/7
  5233 | D:6      | Found an ornate altar of the Wu Jian Council.
  5242 | D:6      | Found a sparkling altar of Nemelex Xobeh.
  5410 | D:7      | Found a runed translucent door.
  5411 | D:7      | Noticed Crazy Yiuf
  5418 | D:7      | Killed Crazy Yiuf
  5494 | D:7      | Reached skill level 7 in Axes
  5745 | D:7      | Noticed Menkaure
  5754 | D:7      | Killed Menkaure
  5852 | D:7      | Reached skill level 8 in Axes
  5852 | D:7      | Reached XP level 9. HP: 11/79 MP: 1/8
  6235 | D:7      | Noticed Pikel
  6238 | D:7      | Noticed a two-headed ogre
  6245 | D:7      | Killed Pikel
  6246 | D:7      | Reached skill level 5 in Throwing
  6252 | D:7      | Slain by a two-headed ogre

Illustrated notes

Levels and vault maps discovered:
D:1:      lemuel_arrival_room, layout_basic, chequers_serial_rivers_large_a,
          minivault_26
D:2:      layout_basic
D:3:      layout_rooms, kennysheep_slug_shrine,
          shapermc_ecumenical_altar_acropolis
D:4:      wad_pebble_path, layout_rooms, kiku_gazebo_garden_becter,
          nicolae_qazlal_general_emergency, minmay_temple_entry_glass,
          amcnicky_mini_pool_small, wad_orctagon, uniq_blork_the_orc
D:5:      layout_loops_cross, st_stairs_9, uniq_eustachio
D:6:      layout_loops_corners, mainiacjoe_overflow_swirl
D:7:      layout_cave_pools, serial_co_window_serial, co_window_paths_a,
          co_window_corner_a, co_window_paths_b, co_window_of_opportunity_a,
          co_window_of_opportunity_a, co_window_of_opportunity_b,
          co_window_of_opportunity_b, co_window_broadway_b, co_window_sun,
          co_window_4corner_a, glass_columns_a, glass_columns_b,
          glass_columns_c, chequers_jeans, grunt_ministairs_2,
          uniq_crazy_yiuf_cottage, uniq_pikel, uniq_menkaure
Temple:   hellmonk_temple_rainy

Skill      XL: |  1  2  3  4  5  6  7  8  9 |
---------------+----------------------------+-----
Fighting       | 4 5 6 7 |  7.3
Armour         | 4 5 6 7 |  7.3
Shields        | 4 5 6 7 |  7.3
Axes           | 3 4 6 8 |  8.7
Throwing       | 1 2 3 4 5 |  5.2

Action                   |  1- 3 |  4- 6 |  7- 9 || total
-------------------------+-------+-------+-------++-------
Melee: War axe           |    85 |    93 |   151 ||   329
       Headbutt          |    10 |    17 |    20 ||    47
Throw: Boomerang         |       |     9 |     2 ||    11
  Use: Scroll            |     1 |     6 |     6 ||    13
       Potion            |       |     1 |     1 ||     2
Armor: Chain mail        |    65 |    49 |    81 ||   195
Dodge: Dodged            |    31 |    45 |    89 ||   165
Block: Buckler           |    21 |    22 |    44 ||    87
